 Dungeon Crawl Stone Soup version 0.16.1-30-g34a7ffa (webtiles) character file.

349 Jb9000 the Skirmisher (level 6, 0/49 HPs)
             Began as a Demonspawn Fighter on June 18, 2015.
             Was a Follower of Okawaru.
             Succumbed to a kobold's poison
             ... on level 4 of the Dungeon.
             The game lasted 00:15:39 (2519 turns).

Jb9000 the Skirmisher (Demonspawn Fighter)          Turns: 2519, Time: 00:15:40

Health: 0/49       AC:  9    Str: 18    XL:     6   Next: 33%
Magic:  6/6        EV: 10    Int: 14    God:    Okawaru [*.....]
Gold:   170        SH:  0    Dex: 13    Spells: 0 memorised, 5 levels left

rFire  . . .     SeeInvis .     s - +3 quarterstaff (chaos)
rCold  . . .     Clarity  .     b - +0 scale mail
rNeg   . . .     SustAb   .     (no shield)
rPois  .         Gourm    .     y - +0 helmet
rElec  .         Spirit   .     u - +0 cloak
rCorr  .         Warding  .     (no gloves)
rMut   .         Stasis   .     (no boots)
MR     .....                    (no amulet)
Stlth  +.........               (no ring)
                                p - ring of stealth

@: brilliant, lethally poisoned (0 -> -39), not resistant to hostile
enchantments, very unstealthy
A: claws 2, talons 1
a: Heroism, Renounce Religion


You were on level 4 of the Dungeon.
You worshipped Okawaru.
Okawaru was aware of your devotion.
You were not hungry.

You visited 1 branch of the dungeon, and saw 4 of its levels.

You collected 170 gold pieces.

Inventory:

Hand weapons
 a - a +1 long sword
 q - a cursed -1 war axe
 s - a +3 quarterstaff of chaos (weapon)
 v - a +0 hammer
 x - a +0 club
 z - a +0 hunting sling
 D - a +3 trident
 F - a +1 dagger of venom
Missiles
 t - 42 sling bullets
 w - 2 tomahawks (quivered)
 B - 8 bolts
Armour
 b - a +0 scale mail (worn)
 c - a +0 shield
 l - a +1 robe of fire resistance
 u - a +0 cloak (worn)
 y - a +0 helmet (worn)
 A - a +0 animal skin
Jewellery
 p - a ring of stealth (left claw)
Scrolls
 r - a scroll of identify
 E - a scroll of remove curse
Potions
 e - a potion of might
 f - a potion of flight
 g - a potion of cancellation {unknown}
 o - a potion of heal wounds {unknown}
 C - a potion of poison
Comestibles
 d - 4 bread rations
 i - 2 beef jerkies
 j - 4 chunks of flesh
 k - a slice of pizza
 m - 2 meat rations
 n - 2 royal jellies


   Skills:
 + Level 4.4 Fighting
 + Level 2.1 Long Blades
 + Level 1.4 Staves
 + Level 3.9 Armour
 + Level 2.6 Dodging
 + Level 0.6 Stealth
 + Level 3.3 Shields


You had 5 spell levels left.
You didn't know any spells.

Dungeon Overview and Level Annotations

Branches:
Dungeon (4/15)
 Temple: D:4-7

Altars:
Ashenzari
Cheibriados
Okawaru
Zin
The Shining One


Innate Abilities, Weirdness & Mutations

You have very sharp fingernails.
You have sharp toenails.


Message History

* * * LOW HITPOINT WARNING * * *
The kobold shoots a poisoned needle.
The poisoned needle hits you!
You are more poisoned.
Drink which item? (? for menu, Esc to quit)
It was a potion of poison.
That liquid tasted very nasty...
You are more poisoned.
* * * LOW HITPOINT WARNING * * *
You feel very sick.
The kobold shoots a poisoned needle.
The poisoned needle hits you.
You are more poisoned.
The ogre barely misses you.
* * * LOW HITPOINT WARNING * * *
You feel very sick.
You see here 2 poisoned needles.
* * * LOW HITPOINT WARNING * * *
You feel very sick.
Drink which item? (? for menu, Esc to quit)
It was a potion of brilliance.
You feel clever all of a sudden.
You die...

.?..... #.....# ....!#
#####.###.# #.#..#
#.....#...# #.#..#
#.###<#.###
####....#########.#...#.#
#..............<#.#?###.#
#.................#.....#
#....†(.##..##........###
#......(##@.##..........#
#.....#>O(..#.........#.#
#.....#.###.#.........#.#
#.....#.#.............#.#
#######.#.#...........#.#
#.#.###.#########.#
#.#.###.# ######.#
#.#.....# #......#
#......## #.######


You could see an ogre.

Vanquished Creatures
  A scorpion (D:4)
  An orc priest (D:4)
  A hound (D:4)
  Crazy Yiuf (D:2)
  An orc wizard (D:4)
  Jessica (D:3)
  Robin (D:3)
  4 adders
  A giant mite (D:3)
  2 worms (D:2)
  A giant gecko (D:1)
  14 orcs
  4 giant cockroaches
  16 goblins
  11 hobgoblins
  4 jackals (D:1)
  7 kobolds
  4 quokkas
  8 bats
  3 giant newts
  4 rats
  A fungus (D:2)
91 creatures vanquished.

Vanquished Creatures (collateral kills)
  A hobgoblin (D:3)
1 creature vanquished.

Grand Total: 92 creatures vanquished

Notes
Turn   | Place    | Note
--------------------------------------------------------------
     0 | D:1      | Jb9000, the Demonspawn Fighter, began the quest for the Orb.
     0 | D:1      | Reached XP level 1. HP: 18/18 MP: 1/1
   166 | D:1      | Gained mutation: You have sharp toenails. [demonic ancestry]
   166 | D:1      | Reached XP level 2. HP: 16/24 MP: 2/2
   677 | D:2      | Reached XP level 3. HP: 15/29 MP: 3/3
   678 | D:2      | Reached skill level 1 in Dodging
   850 | D:2      | Found a snail-covered altar of Cheibriados.
  1037 | D:2      | Found a glowing silver altar of Zin.
  1037 | D:2      | Found a shattered altar of Ashenzari.
  1115 | D:2      | Found an iron altar of Okawaru.
  1139 | D:2      | Became a worshipper of Warmaster Okawaru
  1243 | D:2      | Reached XP level 4. HP: 29/36 MP: 4/4
  1340 | D:2      | Noticed Crazy Yiuf
  1347 | D:2      | Killed Crazy Yiuf
  1447 | D:3      | Found a glowing golden altar of the Shining One.
  1703 | D:3      | Noticed Robin
  1724 | D:3      | Gained mutation: You have sharp fingernails. [demonic ancestry]
  1724 | D:3      | Reached XP level 5. HP: 36/42 MP: 5/5
  1735 | D:3      | Killed Robin
  2095 | D:3      | Noticed Jessica
  2100 | D:3      | Killed Jessica
  2100 | D:3      | Reached skill level 4 in Fighting
  2283 | D:4      | Reached skill level 1 in Staves
  2326 | D:4      | Acquired Okawaru's first power
  2326 | D:4      | Gained mutation: You have very sharp fingernails. [demonic ancestry]
  2326 | D:4      | Reached XP level 6. HP: 32/48 MP: 6/6
  2509 | D:4      | Noticed an ogre
  2519 | D:4      | Succumbed to a kobold's poison

Action                   |  1- 3 |  4- 6 || total
-------------------------+-------+-------++-------
Melee: Long sword        |   165 |     7 ||   172
       Quarterstaff      |       |   112 ||   112
  Use: Scroll            |     6 |     7 ||    13
       Potion            |       |     4 ||     4
 Stab: Petrifying        |       |     1 ||     1
  Eat: Chunk             |     1 |     5 ||     6
